 Dungeon Crawl Stone Soup version 0.32-a0-41-gec2d92a32c (webtiles) character file.

Game seed: 4439864461102006468

1889 Newt the Trooper (level 9, 0/64 HPs)
             Began as an Octopode Shapeshifter on Jan 25, 2024.
             Slain by a sleepcap (16 damage)
             ... on level 6 of the Dungeon.
             The game lasted 00:05:28 (5541 turns).

Newt the Trooper (Octopode Shapeshifter)            Turns: 5541, Time: 00:05:28

Health: 0/64       AC:  1    Str: 13    XL:     9   Next: 15%
Magic:  9/9        EV:  2    Int: 12    God:
Gold:   216        SH:  0    Dex: 22    Spells: 8/8 levels left

rFire   + .          .
                       - Unarmed
rCold   x . .        h - +0 buckler
rNeg    + . .        (helmet currently unavailable)
rPois   .            (no amulet)
rElec   .            d - +6 ring of dexterity
rCorr   .            j - ring "Zonyum" {Fire rN+}
SInv    .            (no ring)
Will    .....        (no ring)
Stlth   +++          (no ring)
HPRegen 0.30/turn    (no ring)
MPRegen 0.11/turn    (no ring)
                     (no ring)

%: no passive effects
@: beast-form, sleeping
A: beast (slay +4), almost no armour, amphibious, 8 rings, camouflage 1,
gelatinous body 1, (nimble swimmer 1), tentacles
a: Begin Untransformation


You were on level 6 of the Dungeon.
You were a hulking beast.
You visited 2 branches of the dungeon, and saw 8 of its levels.

You collected 216 gold pieces.

Inventory:

Armour
 h - a +0 buckler (worn)
Jewellery
 d - a +6 ring of dexterity (left tentacle)
 j - the ring "Zonyum" (right tentacle) {Fire rN+}
   (You found it on level 4 of the Dungeon)

   [ring of fire]

   Fire:      It enhances your fire magic.
   rF+:       It protects you from fire.
   rC-:       It makes you vulnerable to cold.
   rN+:       It protects you from negative energy.
 t - a +5 ring of evasion
Talismans
 b - a beast talisman
 c - a flux talisman
Wands
 o - a wand of light (8)
 p - a wand of flame (12)
 u - a wand of mindburst (14)
 w - a wand of charming (11)
Scrolls
 e - 4 scrolls of noise
 i - a scroll of blinking
 k - 2 scrolls of fog
 l - a scroll of poison
 q - a scroll of vulnerability
Potions
 a - a potion of might
 f - a potion of ambrosia
 g - a potion of mutation
 m - a potion of magic
 n - 2 potions of curing
 r - 2 potions of degeneration
 v - a potion of haste {unknown}


   Skills:
 + Level 7.4 Fighting
 - Level 4.4 Dodging
 - Level 5.0 Unarmed Combat
 - Level 7.0 Shapeshifting


You had 8 spell levels left.
You didn't know any spells.
Your spell library contained the following spells:

 Spells                   Type           Power      Damage    Failure   Level
 Foxfire                  Conj/Fire      0%         2x1d4     43%         1
 Gell's Gravitas          Tloc           0%         N/A       80%         3
 Teleport Other           Tloc           0%         N/A       80%         3
 Summon Blazeheart Golem  Fire/Summ      0%         N/A       99%         4
 Dispersal                Tloc           0%         N/A       100%        6
 Plasma Beam              Fire/Air       0%         2x1d10    100%        6
 Starburst                Conj/Fire      0%         6d3       100%        6
 Orb of Destruction       Conj           0%         9d5       100%        7
 Spellforged Servitor     Conj/Summ      0%         N/A       100%        7


Dungeon Overview and Level Annotations

Branches:
Dungeon (7/15)             Temple (1/1) D:4

Altars:
Ashenzari
Cheibriados
Dithmenos
Elyvilon
Fedhas
Gozag
Nemelex Xobeh
Qazlal
Trog
Uskayaw
Vehumet
Xom
Yredelemnul
Zin
The Shining One


Innate Abilities, Weirdness & Mutations

You are a hulking beast.
Your limbs bulge with bestial killing power. (Slay +4)
You cannot wear most types of armour.
You are amphibious.
You can wear up to eight rings at the same time.
Your skin changes colour to match your surroundings (Stealth+).
Your rubbery body absorbs attacks. (AC +1, EV +1)
((You are camouflaged when in or above water. (Stealth+)))
You have tentacles for arms and can constrict up to eight enemies at once.


Message History

You constrict the bullfrog. The bullfrog closely misses you.
Unknown command.
You bludgeon the bullfrog! Your squeeze misses the bullfrog.
The bullfrog is heavily wounded.
You constrict the bullfrog. The bullfrog completely misses you.
The bullfrog misses you.
Unknown command.
You bludgeon the bullfrog!
You kill the bullfrog!
Unknown command.
You closely miss the orc. Your grab misses the orc.
The orc hits you with a +0 whip.
* * * LOW HITPOINT WARNING * * *
Unknown command.
You bludgeon the orc!
You kill the orc!
The sleepcap barely misses you.
Unknown command.
You tentacle-slap the sleepcap. You grab the sleepcap.
The sleepcap is lightly damaged.
You constrict the sleepcap, but do no damage.
The sleepcap closely misses you.
Unknown command.
You tentacle-slap the sleepcap.
The sleepcap is lightly damaged.
You constrict the sleepcap. The sleepcap closely misses you.
Unknown command.
You bludgeon the sleepcap!
The sleepcap is severely damaged.
You constrict the sleepcap. The sleepcap misses you.
Unknown command.
You tentacle-slap the sleepcap.
The sleepcap is almost destroyed.
You constrict the sleepcap. The sleepcap releases spores at you.
* * * LOW HITPOINT WARNING * * *
You are engulfed in a cloud of soporific spores!
You fall asleep.
You lose your grip on the sleepcap.
The sleepcap releases spores at you!
You die...

########## ##........ #........#
#......... #........# #........(
#........# #......... ##........#
#......... ######.........###
#......... .................#
####....>....
#.#..##........#.####............
# ##......######h)....#..........
..#####.######)f...............
#. #.....##.....###......... ##
..###..........## #.........
#.....P.P......# #.........
###...._...................#
##..P.P.......##.....#####
....................##
................o....


You could see a sleepcap.

Vanquished Creatures
  Pikel (D:4)
  Grinder (D:3)
  A steam dragon (D:6)
  A water moccasin (D:6)
  A black bear (D:5)
  A centaur (D:5)
  A phantom (D:5)
  4 bullfrogs (D:6)
  A scorpion (D:5)
  4 hounds
  2 bombardier beetles (D:5)
  An iguana (D:6)
  An orc wizard (D:7)
  Robin (D:2)
  5 adders
  An ufetubus (D:6)
  3 dart slugs
  A ribbon worm (D:5)
  7 orcs
  3 ball pythons
  4 endoplasms
  4 giant cockroaches
  14 hobgoblins
  5 jackals (D:3)
  4 quokkas
  6 bats
  11 frilled lizards
  16 goblins
  11 kobolds
  4 rats
120 creatures vanquished.

Notes
Turn   | Place    | Note
-------+----------+-------------------------------------------
     0 | D:1      | Newt the Octopode Shapeshifter began the quest for the Orb.
     0 | D:1      | Reached XP level 1. HP: 13/13 MP: 1/1
   244 | D:1      | Reached XP level 2. HP: 17/18 MP: 2/2
   975 | D:2      | Reached XP level 3. HP: 18/23 MP: 3/3
  1658 | D:2      | Reached XP level 4. HP: 29/29 MP: 4/4
  2126 | D:3      | Noticed Robin
  2333 | D:2      | Killed Robin
  2779 | D:3      | Noticed Grinder
  2787 | D:3      | Paralysed by Grinder for 3 turns
  2798 | D:3      | Killed Grinder
  2799 | D:3      | Reached skill level 5 in Unarmed Combat
  2799 | D:3      | Reached XP level 5. HP: 19/36 MP: 5/5
  2799 | D:3      | Reached XP level 6. HP: 22/41 MP: 6/6
  3510 | D:4      | Noticed Pikel
  3520 | D:4      | Killed Pikel
  3521 | D:4      | Reached skill level 5 in Shapeshifting
  3521 | D:4      | Reached XP level 7. HP: 27/49 MP: 7/7
  3620 | D:4      | Found a staircase to the Ecumenical Temple.
  3631 | Temple   | Entered the Ecumenical Temple
  3637 | D:4      | Reached XP level 8. HP: 48/54 MP: 8/8
  3792 | D:4      | Identified the ring "Zonyum" {Fire rN+}
  4406 | D:5      | Entered Level 5 of the Dungeon
  4838 | D:5      | Reached skill level 5 in Fighting
  5460 | D:6      | Found a basalt altar of Yredelemnul.
  5481 | D:6      | Reached XP level 9. HP: 61/63 MP: 9/9
  5541 | D:6      | Slain by a sleepcap

Illustrated notes

Levels and vault maps discovered:
D:1:      scummos_arrival_star, layout_basic, nicolae_houndstooth_variations
D:2:      layout_basic, minmay_lizard_pond
D:3:      layout_loops_cross, minmay_goblin_kobold_house, uniq_robin,
          uniq_grinder
D:4:      layout_basic, minmay_temple_entry_statues_fountains, uniq_pikel
D:5:      layout_basic, skrybe_limestone_x, minivault_26
D:6:      layout_rooms, yredelemnul_altar_generic, cheibrodos_sewer_entry_drain,
          roderic_serpentine_path, serial_bayou_pond_d
D:7:      layout_rooms
Temple:   nicolae_temple_two_arcs

Skill      XL: |  1  2  3  4  5  6  7  8  9 |
---------------+----------------------------+-----
Dodging        | 3 4 |  4.4
Unarmed Combat | 5 |  5.0
Fighting       | 2 4 6 7 |  7.4
Shapeshifting  | 5 7 |  7.0

Action                     |  1- 3 |  4- 6 |  7- 9 || total
---------------------------+-------+-------+-------++-------
  Melee: Unarmed           |    71 |    92 |   100 ||   263
         Constrict         |    21 |    22 |    27 ||    70
         Tentacles         |     9 |    14 |    26 ||    49
         Punch             |     1 |     3 |    10 ||    14
    Use: Scroll            |       |     9 |     6 ||    15
         Potion            |       |     3 |       ||     3
   Stab: Sleeping          |     8 |     4 |     6 ||    18
 Armour: Skin              |    21 |    51 |    48 ||   120
  Dodge: Dodged            |    38 |    50 |    61 ||   149
  Block: Buckler           |     8 |    26 |    20 ||    54

Table legend: (Time is in decaauts)
 A = Elapsed time spent in this place.
 B = Non-inter-level travel time spent in this place.
 C = Inter-level travel time spent in this place.
 D = Time resting spent in this place.
 E = Time spent auto-exploring this place.
 F = Levels seen in this place.
 G = Mean time per level.
                   A        B        C        D        E       F      G
               +--------+--------+--------+--------+--------+-----+--------+
         Total |   5534 |   5364 |    170 |   1258 |   3355 |   8 |  691.8 |
       Dungeon |   5532 |   5363 |    169 |   1258 |   3355 |   7 |  790.3 |
        Temple |      1 |      0 |      1 |      0 |      0 |   1 |    1.0 |
               +--------+--------+--------+--------+--------+-----+--------+

Top non-repeatable levels by time:
     D:2: 1387 daAuts
     D:3: 1148 daAuts
     D:5: 957 daAuts
     D:1: 954 daAuts
     D:4: 910 daAuts
     D:6: 166 daAuts
     D:7: 8 daAuts
  Temple: 1 daAuts
